 Dungeon Crawl Stone Soup version 0.29.1-1-gd02db6906a (webtiles) character file.

Game seed: 4003989346102760936

539 MisterFreud the Twirler (level 7, -5/50 HPs)
             Began as a Formicid Gladiator on Sept 28, 2022.
             Slain by a two-headed ogre
             ... wielding a +0 giant spiked club
              (10 damage)
             ... on level 5 of the Dungeon.
             The game lasted 00:05:26 (4838 turns).

MisterFreud the Twirler (Formicid Gladiator)        Turns: 4838, Time: 00:05:27

Health: -5/50      AC: 11    Str: 17 (20) XL:     7   Next: 51%
Magic:  7/7        EV:  9    Int:  5 (8)  God:
Gold:   258        SH:  9    Dex: 14 (15) Spells: 6/6 levels left

rFire   . . .      SeeInvis +   E - +4 quarterstaff (chaos)
rCold   + . .      Faith    .   k - +0 kite shield
rNeg    . . .      Spirit   .   o - +3 scale mail {rPois}
rPois   +          Reflect  .   (helmet unavailable)
rElec   .          Harm     .   F - +0 cloak
rCorr   .          Rampage  .   (no gloves)
Will    .....                   (no boots)
Stlth   ..........              (no amulet)
HPRegen 0.16/turn               f - ring of protection from cold
MPRegen 0.10/turn               (no ring)

@: no status effects
A: permanent stasis, dig shafts and tunnels, antennae 3, four strong arms
a: Dig, Shaft Self


You were on level 5 of the Dungeon.
You visited 1 branch of the dungeon, and saw 5 of its levels.

You collected 258 gold pieces.

Inventory:

Hand Weapons
 a - a +0 quarterstaff
 E - a +4 quarterstaff of chaos (weapon)
Missiles
 c - 3 throwing nets
 d - a javelin
 p - a poisoned dart (quivered)
Armour
 k - a +0 kite shield (worn)
 o - a +3 scale mail of poison resistance (worn)
 F - a +0 cloak (worn)
Jewellery
 f - a ring of protection from cold (left hand)
 C - an amulet of guardian spirit
Wands
 w - a wand of paralysis (6)
Scrolls
 e - 2 scrolls of noise
 j - 2 scrolls of identify
 l - a scroll of teleportation
 B - 3 scrolls of amnesia
Potions
 g - 2 potions of flight
 m - 5 potions of brilliance
 n - a potion of magic
 q - a potion of attraction
 t - a potion of might
 D - a potion of heal wounds {unknown}


   Skills:
 - Level 2.1 Fighting
 - Level 6.0 Staves
 - Level 2.0 Throwing
 + Level 3.6 Armour
 - Level 2.6 Dodging
 + Level 5.0 Shields


You had 6 spell levels left.
You didn't know any spells.
Your spell library contained the following spells:

 Spells                   Type           Power      Damage    Failure   Level
 Slow                     Hex            0%         N/A       98%         1
 Summon Small Mammal      Summ           0%         N/A       98%         1
 Ensorcelled Hibernation  Hex/Ice        0%         N/A       99%         2
 Passwall                 Tmut/Erth      0%         N/A       99%         2
 Call Canine Familiar     Summ           0%         N/A       100%        3
 Confusing Touch          Hex            0%         N/A       100%        3
 Ignite Poison            Fire/Tmut/Pois 0%         N/A       100%        3
 Mephitic Cloud           Conj/Pois/Air  0%         N/A       100%        3
 Summon Guardian Golem    Hex/Summ       0%         N/A       100%        3
 Vampiric Draining        Necr           0%         2d6       100%        3
 Fireball                 Conj/Fire      0%         3d3       100%        5
 Freezing Cloud           Conj/Ice/Air   0%         6-21      100%        5
 Iskenderun's Battlesphe  Conj           0%         2d6       100%        5
 Conjure Ball Lightning   Conj/Air       0%         3x3d6     100%        6
 Orb of Destruction       Conj           0%         9d5       100%        7
 Swiftness                Air            Unusable   N/A       N/A         3

Dungeon Overview and Level Annotations

Branches:
Dungeon (5/15)
 Temple: D:4-7

Altars:
Makhleb


Innate Abilities, Weirdness & Mutations

You cannot be hasted, slowed, berserked, paralysed or teleported.
You can dig through walls and to a lower floor.
You have a pair of large antennae on your head. (SInv)
Your four strong arms can wield two-handed weapons with a shield.


Message History

The two-headed ogre is lightly wounded.
Unknown command.
You hit the shadow imp.
Lightning courses through the shadow imp!
You kill the shadow imp!
You barely miss the two-headed ogre.
The two-headed ogre is lightly wounded.
The two-headed ogre hits you with a +0 giant spiked club!!
The two-headed ogre hits you with a +0 dire flail.
You barely miss the two-headed ogre.
The two-headed ogre is lightly wounded.
You block the two-headed ogre's attack.
The two-headed ogre hits you with a +0 dire flail!
* * * LOW HITPOINT WARNING * * *
Unknown command.
Unknown command.
As you read the scroll labelled DIKAARCHICVY, it crumbles to dust.
It is a scroll of enchant weapon.
Your +3 quarterstaff of chaos glows red for a moment.
The two-headed ogre hits you with a +0 giant spiked club.
* * * LOW HITPOINT WARNING * * *
The two-headed ogre completely misses you.
Unknown command.
Unknown command.
Unknown command.
Unknown command.
Unknown command.
Unknown command.
Unknown command.
Unknown command.
It was a potion of berserk rage.
Your stasis prevents you from going berserk.
It was a potion of mutation.
You feel extremely strange.
You feel robust.
You feel frail. You block the two-headed ogre's attack.
The two-headed ogre closely misses you.
It was a potion of degeneration.
There was something very wrong with that liquid.
You feel weakened.
You feel dopey.
You feel clumsy.
The two-headed ogre hits you with a +0 giant spiked club!
You die...

#...#####...# ### #
#.# #...#...#...# .
.. ....##.#
##.#.....# ###.# ..
........O
..###...###...###.
##.######
...#.###.#.....#.##
# ..#...#...# #...#
###...#...#####...#
. #...#..)#...#...#
##
.#.###.#.....#@###.#
.###...###...###O..#
###># #####
#..#..... .#. ...((
##. ## .. 5...##.#
... #(#..# (. .##.
.....# #( .#
.#.....## .. #.. ..#


You could see a two-headed ogre (poisoned).

Vanquished Creatures
  An ogre (D:5)
  A necrophage (D:4)
  A howler monkey (D:5)
  A jelly (D:4)
  Crazy Yiuf (D:2)
  2 hounds
  Terence (D:2)
  An iguana (D:5)
  An orc wizard (D:3)
  A hound skeleton (D:4)
  A gnoll (D:1)
  6 adders
  A shadow imp (D:5)
  2 ufetubi
  3 dart slugs
  4 orcs (D:3)
  7 ball pythons
  2 bats
  5 endoplasms
  7 goblins
  5 hobgoblins
  6 kobolds
  3 quokkas
  6 frilled lizards
  7 rats
76 creatures vanquished.

Notes
Turn   | Place    | Note
-------+----------+-------------------------------------------
     0 | D:1      | MisterFreud the Formicid Gladiator began the quest for the
                  | Orb.
     0 | D:1      | Reached XP level 1. HP: 16/16 MP: 1/1
   160 | D:1      | Reached XP level 2. HP: 13/22 MP: 2/2
   396 | D:1      | Found a faded altar of an unknown god.
   543 | D:1      | Reached skill level 4 in Staves
   543 | D:1      | Reached XP level 3. HP: 27/27 MP: 3/3
  1021 | D:2      | Reached skill level 1 in Shields
  1107 | D:2      | Found a runed translucent door.
  1108 | D:2      | Noticed Crazy Yiuf
  1277 | D:2      | Reached XP level 4. HP: 33/33 MP: 4/4
  1692 | D:2      | Noticed Terence
  1700 | D:2      | Killed Terence
  1970 | D:3      | Reached skill level 5 in Staves
  1970 | D:3      | Reached XP level 5. HP: 31/38 MP: 5/5
  2352 | D:3      | Reached skill level 1 in Armour
  2586 | D:3      | Identified the +0 robe "Puuc" {rC- rN+++ Regen+ Str+3}
  3436 | D:4      | Reached XP level 6. HP: 44/44 MP: 6/6
  3831 | D:4      | Found a burning altar of Makhleb.
  4040 | D:5      | Entered Level 5 of the Dungeon
  4049 | D:5      | Reached skill level 6 in Staves
  4141 | D:5      | Noticed a two-headed ogre
  4263 | D:5      | Reached XP level 7. HP: 47/50 MP: 7/7
  4385 | D:2      | Killed Crazy Yiuf
  4616 | D:5      | Reached skill level 5 in Shields
  4837 | D:5      | Gained mutation: You are robust. (+10% HP) [potion of
                  | mutation]
  4837 | D:5      | Lost mutation: You are robust. (+10% HP) [potion of
                  | mutation]
  4838 | D:5      | Slain by a two-headed ogre

Illustrated notes

Levels and vault maps discovered:
D:1:      shiori_arrival_oz, layout_loops_ring, ebering_ecumenical_altar_rust
D:2:      layout_basic, uniq_crazy_yiuf_cottage, uniq_terence
D:3:      layout_basic
D:4:      layout_loops_ring, makhleb_blood_cavern_becter
D:5:      nicolae_cairo_tiling, layout_loops_cross,
          minmay_misc_feat_four_crosses, kennysheep_generic_room_4

Skill      XL: |  1  2  3  4  5  6  7 |
---------------+----------------------+-----
Staves         | 4 5 6 |  6.0
Shields        | 1 2 4 5 |  5.0
Armour         | 1 2 3 |  3.6
Fighting       | |  2.1
Throwing       | |  2.0
Dodging        | |  2.6

Action                   |  1- 3 |  4- 6 |  7- 9 || total
-------------------------+-------+-------+-------++-------
Melee: Quarterstaff      |    60 |   130 |    16 ||   206
Throw: Javelin           |       |     1 |       ||     1
       Dart              |       |       |     6 ||     6
 Abil: Dig               |       |     1 |       ||     1
  Use: Scroll            |     2 |     5 |    11 ||    18
       Potion            |       |       |     3 ||     3
 Stab: Sleeping          |     2 |       |       ||     2
Armor: Leather armour    |     8 |     2 |       ||    10
       Scale mail        |       |    58 |     1 ||    59
Dodge: Dodged            |    22 |    53 |     4 ||    79
Block: Kite shield       |    13 |    65 |     7 ||    85
